cohdb
Replays
Latest Replays
All Replays
Popular Replays
Top Player Replays
Match Explorer
How It Works
Community
CoH3 Stats
Reddit
Sign in to upload your games and track your stats! →
Sign in with Steam
Match 47050274
Unlisted
Match 47050274
Overview
Messages
Build Orders
End
Vickers Machine Gun Team
Construct Section Command Post
Selects Air and Sea Battlegroup
Dingo Light Scout Car
Dingo Light Scout Car
Royal Engineer Section
Construct Platoon Command Post
Humber Armored Car
6-pounder Anti-tank Gun Team
Selects Commando Section Paradrop
Selects Commando Support Section Paradrop
Commando Section Paradrop
Commando Section Paradrop
6-pounder Anti-tank Gun Team
6-pounder Anti-tank Gun Team
iceman
chrislim
GregLim
Pietka
Devilmaki
Zigouigoui
El Presidente
FoxWay
0
0
Comments
sign in to comment!
No comments posted yet!